 Dungeon Crawl Stone Soup version 0.25-a0-890-g62861fb195 (webtiles) character file.

Game seed: 18062891292214931596, levelgen mode: deterministic

118 mortelune the Shooter (level 4, -9/38 HPs)
             Began as a Centaur Hunter on May 2, 2020.
             Killed by divine providence
             ... invoked by an orc priest
              (13 damage)
             ... on level 6 of the Dungeon.
             The game lasted 00:06:24 (4187 turns).

mortelune the Shooter (Centaur Hunter)              Turns: 4187, Time: 00:06:24

Health: -9/38      AC:  8    Str: 15    XL:     4   Next: 72%
Magic:  4/4        EV:  4    Int: 10    God:
Gold:   125        SH:  0    Dex: 10    Spells: 3/3 levels left

rFire    . . .     SeeInvis .   b - +0 trident
rCold    + . .     Gourm    .   (no shield)
rNeg     . . .     Faith    .   e - +1 chain mail {rC+}
rPois    .         Spirit   .   (no helmet)
rElec    .         Reflect  .   (no cloak)
rCorr    .         Harm     .   (no gloves)
MR       .....                  (no barding)
Stlth    ..........             (no amulet)
HPRegen  0.12/turn              k - ring of stealth
MPRegen  0.09/turn              (no ring)

@: about to teleport, very quick
A: large, hooves 3, deformed body, speed 2, tough skin 3
a: no special abilities


You were on level 6 of the Dungeon.
You were not hungry.

You visited 1 branch of the dungeon, and saw 6 of its levels.

You collected 125 gold pieces.

Inventory:

Hand Weapons
 a - a +1 shortbow
 b - a +0 trident (weapon)
 g - a +0 long sword
 l - a +0 short sword
Missiles
 Q - 65 arrows
Armour
 c - a +0 leather armour
 e - a +1 chain mail of cold resistance (worn)
Jewellery
 k - a ring of stealth (left hand)
Scrolls
 d - a scroll of immolation {unknown}
 p - 5 scrolls of remove curse
 r - a scroll of amnesia {unknown}
 s - a scroll of random uselessness {unknown}
Potions
 h - a potion of mutation {unknown}
 j - a potion of brilliance
 n - 2 potions of haste
 o - a potion of magic {unknown}
 q - a potion of heal wounds
 v - a potion of ambrosia
Comestibles
 f - 10 rations


   Skills:
 + Level 3.5 Fighting
 + Level 1.4 Polearms
 + Level 6.6 Bows
 - Level 1.3 Dodging
 - Level 0.4 Stealth


You had 3 spell levels left.
You didn't know any spells.
Your spell library was empty.

Dungeon Overview and Level Annotations

Branches:
Dungeon (7/15)             Temple (0/1) D:7

Altars:
Qazlal
Sif Muna


Innate Abilities, Weirdness & Mutations

You have hooves in place of feet.
Armour fits poorly on your strangely shaped body.
You cover ground very quickly.
You have extremely tough skin. (AC +3)


Message History

The bullfrog hits you.
* * * LOW HITPOINT WARNING * * *
An orc wizard comes into view. It is wielding a +0 dagger.
As you read the scroll of teleportation, it crumbles to dust.
You feel strangely unstable.
The bullfrog hits you but does no damage.
The orc wizard mumbles some strange words.
The orc wizard seems to speed up.
The bullfrog hits you.
* * * LOW HITPOINT WARNING * * *
You hear a shout!
You hear an angry hiss.
You hear a shout! 2 orc priests come into view.
The orc priest shouts! x2
The worker ant waves its antennae.
A leopard gecko and an orc come into view.
The orc shouts!
The leopard gecko hisses angrily.
An orc comes into view.
The orc shouts!
The orc priest mumbles some strange prayers to Beogh against you.
Beogh smites you!
You die...

#. #.## .# #..# #####.#
..###.....#
#########..##%##..#
#......../.##......
###..........##......
#...@.F..a5..........
..l...o........#.#......
.o.o...#######.#..#.5...
.o.o... ####.####.#
....### #..# #.# ####
##.###a# #.....#
<######.##.#
#....^...#.#


You could see a bullfrog, a worker ant, 2 orc priests, an orc wizard, a quasit,
2 orcs and a leopard gecko.

Vanquished Creatures
  5 adders
  An ooze (D:2)
  A dart slug (D:1)
  5 leopard geckos
  6 orcs
  6 bats
  2 giant cockroaches (D:2)
  4 goblins
  10 hobgoblins
  4 jackals (D:3)
  4 kobolds
  A frilled lizard (D:1)
  3 rats
52 creatures vanquished.

Notes
Turn   | Place    | Note
-------+----------+-------------------------------------------
     0 | D:1      | mortelune the Centaur Hunter began the quest for the Orb.
     0 | D:1      | Reached XP level 1. HP: 17/17 MP: 1/1
   411 | D:1      | Reached XP level 2. HP: 11/25 MP: 2/2
  1392 | D:2      | Reached skill level 6 in Bows
  1410 | D:2      | Found a shimmering blue altar of Sif Muna.
  1474 | D:2      | Reached XP level 3. HP: 25/30 MP: 3/3
  1632 | D:2      | Found a stormy altar of Qazlal.
  2877 | D:3      | Reached XP level 4. HP: 31/38 MP: 4/4
  3006 | D:3      | Reached skill level 1 in Polearms
  4110 | D:4      | You fall into a shaft and drop 3 floors!
  4118 | D:7      | Noticed an ice beast
  4122 | D:7      | Found a staircase to the Ecumenical Temple.
  4122 | D:7      | Noticed a water moccasin
  4124 | D:7      | Noticed a bullfrog
  4155 | D:6      | Noticed a bullfrog
  4187 | D:6      | Killed from afar by an orc priest

Levels and vault maps discovered:
D:1:      minmay_arrival_checkered_box, layout_loops_corners
D:2:      layout_rooms, marbit_many_paths, lemuel_doored_altar, serial_rivers,
          chequers_serial_rivers_large_a, chequers_serial_rivers_large_b,
          chequers_serial_rivers_micro_b, chequers_serial_rivers_micro_e,
          chequers_serial_rivers_room_b
D:3:      layout_basic, hangedman_feature_mirror
D:4:      layout_loops_ring, first_ration
D:6:      layout_basic, grunt_decor_arrowhead
D:7:      layout_rooms, minmay_temple_entry_statues_fountains, grunt_ogre_cave

Skill      XL: |  1  2  3  4 |
---------------+-------------+-----
Bows           | 6 |  6.6
Fighting       | 3 |  3.5
Polearms       | 1 |  1.4
Dodging        | |  1.3
Stealth        | |  0.4

Action                   |  1- 3 |  4- 6 || total
-------------------------+-------+-------++-------
Melee: Short sword       |    27 |       ||    27
       Kick              |    14 |    10 ||    24
       Long sword        |     6 |       ||     6
       Trident           |    54 |    63 ||   117
 Fire: Shortbow          |    34 |    11 ||    45
  Use: Scroll            |       |    10 ||    10
 Stab: Sleeping          |     1 |       ||     1
  Eat: Chunk             |     3 |     5 ||     8
Armor: Leather armour    |    31 |       ||    31
       Chain mail        |       |    56 ||    56
Dodge: Dodged            |    65 |    16 ||    81
       Rpst.: Long sword |     3 |       ||     3

Table legend:
 A = Non-vault XP
 B = Vault XP
 C = Vault XP percentage of total XP
 D = Non-vault monster count
 E = Vault monster count
 F = Vault count percentage of total count
                 A         B        C        D         E       F
            +---------+---------+-------+---------+---------+-------
      Total |     158 |      11 |   6.5 |      45 |       7 |  13.5
            +---------+---------+-------+---------+---------+-------
        D:1 |      24 |       0 |   0.0 |      11 |       0 |   0.0
        D:2 |      56 |       7 |  11.1 |      15 |       4 |  21.1
        D:3 |      65 |       4 |   5.8 |      18 |       3 |  14.3
        D:4 |      13 |       0 |   0.0 |       1 |       0 |   0.0
            +---------+---------+-------+---------+---------+-------
